 Dungeon Crawl Stone Soup version 0.31-a0-1009-g454b1f1e0a (webtiles) character file.

Game seed: 14348014409219704407

683 CrazyBamboolord the Covered (level 7, 0/45 HPs)
             Began as a Gargoyle Fighter on Nov 15, 2023.
             Killed from afar by Ijyb (8 damage)
             ... with a bolt of acid
             ... on level 4 of the Dungeon.
             The game lasted 00:04:52 (3108 turns).

CrazyBamboolord the Covered (Gargoyle Fighter)      Turns: 3108, Time: 00:04:53

Health: 0/45       AC: 10    Str: 21    XL:     7   Next: 61%
Magic:  0/7        EV:  9    Int:  9    God:
Gold:   193        SH:  4    Dex:  9    Spells: 6/6 levels left

rFire   . . .        a - +0 flail
rCold   . . .        c - +0 buckler
rNeg    + . .        b - +0 scale mail
rPois   ∞            (no helmet)
rElec   +            (no cloak)
rCorr   .            l - +0 pair of gloves
SInv    .            g - +0 pair of boots
Will    .....        k - amulet of guardian spirit Stlth
                     (no ring)
HPRegen 0.27/turn    (no ring)
MPRegen 0.10/turn

%: guardian spirit
@: corroded
A: sickness immunity, AC +4, negative energy resistance 1, electricity
resistance, torment resistance 1, petrification resistance
a: no special abilities


You were on level 4 of the Dungeon.
You visited 1 branch of the dungeon, and saw 4 of its levels.

You collected 193 gold pieces.

Inventory:

Hand Weapons
 a - a +0 flail (weapon)
 s - a +1 whip of electrocution
Armour
 b - a +0 scale mail (worn)
 c - a +0 buckler (worn)
 g - a +0 pair of boots (worn)
 l - a +0 pair of gloves (worn)
Jewellery
 k - an amulet of guardian spirit (around neck)
Scrolls
 e - 2 scrolls of poison
 f - a scroll of enchant weapon {unknown}
 h - 4 scrolls of amnesia
 i - a scroll of identify
 q - a scroll of vulnerability {unknown}
 t - a scroll of teleportation {unknown}
Potions
 d - a potion of might
 j - a potion of mutation
 m - a potion of lignification {unknown}
 n - 3 potions of attraction
 o - a potion of heal wounds {unknown}
 p - a potion of enlightenment {unknown}
 r - 3 potions of cancellation {unknown}


   Skills:
 * Level 5.7 Fighting
 * Level 4.6 Maces & Flails
 * Level 5.7 Armour
 + Level 4.7 Shields


You had 6 spell levels left.
You didn't know any spells.
Your spell library contained the following spells:

 Spells                   Type           Power      Damage    Failure   Level
 Apportation              Tloc           0%         N/A       77%         1
 Necrotise                Necr           0%         1d4       77%         1
 Summon Small Mammal      Summ           0%         N/A       77%         1
 Blink                    Tloc           0%         N/A       88%         2
 Ensorcelled Hibernation  Hex/Ice        0%         N/A       88%         2
 Passwall                 Tmut/Erth      0%         N/A       88%         2
 Swiftness                Air            0%         N/A       98%         3
 Manifold Assault         Tloc           0%         N/A       100%        4


Dungeon Overview and Level Annotations

Branches:
Dungeon (4/15)
 Temple: D:4-7

Altars:
Gozag
Sif Muna

Shops:
D:4 :

Annotations:
D:4 Ijyb


Innate Abilities, Weirdness & Mutations

You are immune to sickness and miasma.
Your stone body is resilient. (AC +4)
You are immune to poison.
You resist negative energy. (rN+)
You are resistant to electric shocks. (rElec)
You are resistant to unholy torment.
You are immune to petrification.


Message History

The hobgoblin shouts!
You hear a shout! x2
A hobgoblin is nearby!
Found Great Wizards, Vol.
II and a dagger.
Ijyb the Twisted Goblin comes into view.
She is wielding a +0 club and carrying a wand of acid.
You closely miss the hobgoblin.
A goblin comes into view. It is wielding a +0 club.
The hobgoblin barely misses you.
You barely miss the hobgoblin.
The hobgoblin hits you but does no damage. x2
You hit the hobgoblin.
You kill the hobgoblin!
Ijyb zaps a wand.
The bolt of acid hits you!
You see here a hobgoblin corpse.
You barely miss the goblin. The goblin barely misses you.
You closely miss Ijyb. The goblin hits you with a +0 club.
Ijyb zaps a wand.
The bolt of acid hits you.
Unknown command.
You thump Ijyb!
Ijyb is heavily wounded.
The goblin closely misses you. Ijyb hits you with a +0 club.
A dart slug comes into view.
You thump Ijyb!
Ijyb is severely wounded.
Ijyb zaps a wand.
The bolt of acid hits you! The acid corrodes you!
The goblin hits you but does no damage. The dart slug launches a dart at you.
The slug dart misses you. The goblin hits you but does no damage.
Ijyb zaps a wand.
The bolt of acid hits you!
* * * LOW HITPOINT WARNING * * *
You barely miss Ijyb.
Ijyb is severely wounded.
You block the goblin's attack. Ijyb hits you but does no damage.
The dart slug launches a dart at you.
The slug dart hits you but does no damage.
Unknown command.
You completely miss Ijyb.
Ijyb is severely wounded.
The goblin hits you but does no damage.
Ijyb zaps a wand.
The bolt of acid hits you!
You die...

###.....).. ##..
.#.......## #..#
.......# ##.##
......# ##...#
.#...## ##....##
##....#####......#
###..............##
# ##.....#....^...##
.##...####...#..@..#
......# ##...#>gg..#
.......
##..##....:...
.......#
#...##......w
.####... ##..#
#...### .# ###. ##..
)### ... ##


You could see Ijyb, a dart slug and a goblin.

Vanquished Creatures
  Sigmund (D:2)
  2 ogres (D:3)
  A bullfrog (D:3)
  A jelly (D:3)
  A sleepcap (D:4)
  A hound (D:4)
  Jessica (D:2)
  An orc wizard (D:3)
  3 gnolls (D:3)
  3 adders (D:3)
  2 dart slugs (D:4)
  9 orcs
  11 endoplasms
  2 giant cockroaches (D:1)
  5 goblins
  7 hobgoblins
  2 jackals (D:3)
  3 quokkas
  7 ball pythons
  4 bats
  10 kobolds
  7 rats
  A spectral kobold (D:1)
85 creatures vanquished.

Notes
Turn   | Place    | Note
-------+----------+-------------------------------------------
     0 | D:1      | CrazyBamboolord the Gargoyle Fighter began the quest for
                  | the Orb.
     0 | D:1      | Reached XP level 1. HP: 14/14 MP: 1/1
    98 | D:1      | Found a faded altar of an unknown god.
   103 | D:1      | Reached XP level 2. HP: 19/19 MP: 2/2
   808 | D:2      | Reached XP level 3. HP: 24/24 MP: 3/3
  1046 | D:2      | Noticed Jessica
  1057 | D:2      | Killed Jessica
  1063 | D:2      | Reached XP level 4. HP: 16/29 MP: 2/4
  1180 | D:2      | Noticed Sigmund
  1203 | D:2      | Killed Sigmund
  1204 | D:2      | Reached XP level 5. HP: 25/34 MP: 3/5
  1432 | D:3      | Found an opulent altar of Gozag.
  1437 | D:3      | Reached XP level 6. HP: 39/39 MP: 6/6
  1517 | D:3      | Found a shimmering blue altar of Sif Muna.
  1955 | D:3      | Reached skill level 5 in Armour
  2345 | D:4      | Found Luxifips's Book Shop.
  2478 | D:4      | Reached skill level 5 in Fighting
  2719 | D:3      | Reached XP level 7. HP: 33/44 MP: 4/7
  3098 | D:4      | Noticed Ijyb
  3108 | D:4      | Killed from afar by Ijyb

Illustrated notes

Levels and vault maps discovered:
D:1:      lightli_arrival_isolated_outpost, layout_basic,
          dreamdust_ecumenical_altar_drowned_temple, minmay_misc_feat_pillars
D:2:      layout_loops_ring, kennysheep_jessica_study, uniq_sigmund
D:3:      layout_basic, nicolae_overflow_crystal_walls,
          kennysheep_orc_sif_temple, grunt_ministairs_15,
          minmay_misc_feat_plants
D:4:      layout_layer_cave, serial_shops, shop_statue, minmay_circle_x,
          uniq_ijyb, uniq_blork_the_orc

Skill      XL: |  1  2  3  4  5  6 |
---------------+-------------------+-----
Fighting       | 4 5 |  5.7
Maces & Flails | 3 4 |  4.6
Armour         | 4 5 |  5.7
Shields        | 4 |  4.7

Action                     |  1- 3 |  4- 6 |  7- 9 || total
---------------------------+-------+-------+-------++-------
  Melee: Flail             |    82 |   146 |    71 ||   299
    Use: Scroll            |     2 |     4 |       ||     6
         Potion            |       |     1 |     1 ||     2
 Armour: Scale mail        |    62 |   117 |    60 ||   239
  Dodge: Dodged            |    42 |    77 |    41 ||   160
  Block: Buckler           |    15 |    32 |    21 ||    68

Table legend: (Time is in decaauts)
 A = Elapsed time spent in this place.
 B = Non-inter-level travel time spent in this place.
 C = Inter-level travel time spent in this place.
 D = Time resting spent in this place.
 E = Time spent auto-exploring this place.
 F = Levels seen in this place.
 G = Mean time per level.
                   A        B        C        D        E       F      G
               +--------+--------+--------+--------+--------+-----+--------+
         Total |   3203 |   3149 |     54 |    143 |   2239 |   4 |  800.8 |
       Dungeon |   3203 |   3149 |     54 |    143 |   2239 |   4 |  800.8 |
               +--------+--------+--------+--------+--------+-----+--------+

Top non-repeatable levels by time:
     D:3: 1139 daAuts
     D:1: 750 daAuts
     D:2: 714 daAuts
     D:4: 597 daAuts
